 Dungeon Crawl Stone Soup version 0.27.1-2-g3b301248ec (webtiles) character file.

Game seed: 498597546564995444

39 nxtlvl the Charlatan (level 3, -1/26 HPs)
             Began as a Formicid Artificer on Sept 26, 2021.
             Frozen to death by an endoplasm (5 damage)
             ... on level 1 of the Dungeon.
             The game lasted 00:03:03 (233 turns).

nxtlvl the Charlatan (Formicid Artificer)            Turns: 233, Time: 00:03:03

Health: -1/26      AC:  5    Str: 16    XL:     3   Next: 67%
Magic:  3/3        EV: 10    Int: 10    God:
Gold:   36         SH:  0    Dex: 12    Spells: 2/2 levels left

rFire    . . .     SeeInvis +   a - +0 club
rCold    . . .     Faith    .   (no shield)
rNeg     . . .     Spirit   .   b - +0 ring mail
rPois    .         Reflect  .   (helmet unavailable)
rElec    .         Harm     .   (no cloak)
rCorr    .         Rampage  .   (no gloves)
Will     .....                  (no boots)
Stlth    +.........             (no amulet)
HPRegen  0.08/turn              (no ring)
MPRegen  0.08/turn              (no ring)

@: no status effects
A: permanent stasis, dig shafts and tunnels, antennae 3, four strong arms
a: Dig, Shaft Self


You were on level 1 of the Dungeon.
You visited 1 branch of the dungeon, and saw 2 of its levels.

You collected 36 gold pieces.

Inventory:

Hand Weapons
 a - a +0 club (weapon)
 f - a +0 spear
Missiles
 g - 19 bolts
 k - 18 arrows
Armour
 b - a +0 ring mail (worn)
Wands
 c - a wand of flame (11) (quivered)
 d - a wand of charming (15)
Scrolls
 i - a scroll of blinking {unknown}
 j - a scroll of identify {unknown}
Potions
 h - 2 potions of might {unknown}
 l - a potion of heal wounds {unknown}
Miscellaneous
 e - a piece from Xom's chessboard (12/15)


   Skills:
 - Level 1.1 Fighting
 + Level 3.0 Maces & Flails
 - Level 2.1 Armour
 - Level 0.8 Dodging
 - Level 1.2 Stealth
 - Level 3.2 Evocations


You had 2 spell levels left.
You didn't know any spells.
Your spell library was empty.

Dungeon Overview and Level Annotations

Branches:
Dungeon (2/15)

Altars:

Shops:
D:1 [


Innate Abilities, Weirdness & Mutations

You cannot be hasted, slowed, berserked, paralysed or teleported.
You can dig through walls and to a lower floor.
You have a pair of large antennae on your head. (SInv)
Your four strong arms can wield two-handed weapons with a shield.


Message History

The endoplasm is heavily wounded.
The endoplasm freezes you.
You are frozen.
* * * LOW HITPOINT WARNING * * *
You hit the endoplasm.
You kill the endoplasm!
Found Onkuw's Armour Shop.
Found a silvery potion.
l - a silvery potion
There is an entrance to Onkuw's Armour Shop here.
A rat comes into view.
You hit the rat.
You kill the rat!
Your Maces & Flails skill increases to level 3!
Found an escape hatch in the floor.
Found a dagger.
Found 13 arrows.
A goblin comes into view. It is wielding a +0 club.
Found Ozocubu's Autobiography.
The goblin shouts!
Found a stone staircase leading down.
An endoplasm comes into view.
There is an escape hatch in the floor here.
You make a move on Xom's chessboard...
The goblin appears confused.
You barely miss the goblin.
The goblin wonders, "What am I doing in here?"
The endoplasm quivers.
The goblin misses you.
You hit the goblin.
You kill the goblin!
You make a move on Xom's chessboard...
The endoplasm seems to slow down.
You see here a +0 club.
Found 7 gold pieces.
You hit the endoplasm but do no damage.
The endoplasm hits you but does no damage.
You hit the endoplasm.
The endoplasm is severely wounded.
The endoplasm freezes you.
You are frozen.
You die...

.........# {
.........##.$.#..#
......#####.....>### {
......# #..:.....# {
......#####........#
......'...+........#
......#####......(.#
##..............J..#
####...........@.#
#......##...))# ####
####......+...#..# ...
#.........#...#..##.#
#.##......#.# #..>..#.#
#....#....#.....#.....#
#...#.#...#######.#####
#..#...#.## ####.#
###..∩..## #....#


You could see an endoplasm (slow).

Vanquished Creatures
  A hound (D:2)
  3 endoplasms (D:1)
  2 goblins (D:1)
  2 jackals (D:1)
  A ball python (D:1)
  A rat (D:1)
10 creatures vanquished.

Notes
Turn   | Place    | Note
-------+----------+-------------------------------------------
     0 | D:1      | nxtlvl the Formicid Artificer began the quest for the Orb.
     0 | D:1      | Reached XP level 1. HP: 15/15 MP: 1/1
    49 | D:2      | Noticed a hound
    53 | D:2      | Killed a hound
    54 | D:2      | Reached XP level 2. HP: 12/21 MP: 2/2
    54 | D:2      | Reached XP level 3. HP: 15/26 MP: 3/3
   187 | D:1      | HP: 1/26 [frozen (3)]
   189 | D:1      | Found Onkuw's Armour Shop.
   233 | D:1      | Frozen to death by an endoplasm

Illustrated notes

Levels and vault maps discovered:
D:1:      eino_arrival_water_star, layout_basic, serial_shops,
          nicolae_diamond_shop
D:2:      layout_basic

Skill      XL: |  1  2  3 |
---------------+----------+-----
Maces & Flails | 2 3 |  3.0
Fighting       | |  1.1
Armour         | |  2.1
Dodging        | |  0.8
Stealth        | |  1.2
Evocations     | |  3.2

Action                   || total
-------------------------++-------
Melee: Club              ||    34
Evoke: Wand              ||     4
       Piece from Xom's  ||     4
Armor: Leather armour    ||     9
       Ring mail         ||     2
Dodge: Dodged            ||    15
